[ AOE2 MATCH · #493583977 ]
UnrankedIncas vs Mongols
Player's team · WIN
Rival team · LOSS
[ REPLAY ANALYSIS · EXTRACTED FROM THE RECORDED GAME ]
Feudal
9:15
Castle
23:51
Imperial
—
| APM avg | 114.3 |
| APM peak | 187 |
| eAPM avg | 65.8 |
| Villagers / military | 55 / 21 |
Focus
⚔️ 71.2% · 🌾 28.8%
Unknown (2550) ×24 · Skirmisher ×12 · Archer ×9
Feudal
8:26
Castle
—
Imperial
—
| APM avg | 72.4 |
| APM peak | 105 |
| eAPM avg | 27.8 |
| Villagers / military | 53 / 44 |
Focus
⚔️ 41.0% · 🌾 59.0%
Archer ×24 · Scout Cavalry ×13 · Militia ×7
Match map
Initial resources + every placement click. Lines = walls · curves = elevation contours. ◆ gold · ⬟ stone · ● berries · ✦ relic · ◌ wall gap
Your base· Open — unwalled flank
Puerco_Black's base· Open — unwalled flank
Smoothed initial terrain · ◌ = detected wall gap · hover for details
Inputs per minute
— VIT | Hera - - Puerco_Black
Build order — VIT | Hera
First 150 of 168 actions detected
| 0:00 | Create | Villager (Male) |
| 0:01 | Create | Villager (Male) |
| 0:01 | Create | Villager (Male) |
| 0:01 | Build | House |
| 0:02 | Build | House |
| 0:08 | Create | Villager (Male) |
| 0:08 | Create | Villager (Male) |
| 1:25 | Create | Villager (Male) |
| 1:26 | Create | Villager (Male) |
| 1:45 | Build | Settlement |
| 1:57 | Create | Villager (Male) |
| 1:57 | Create | Villager (Male) |
| 2:14 | Create | Villager (Male) |
| 2:14 | Create | Villager (Male) |
| 2:42 | Create | Villager (Male) |
| 2:43 | Create | Villager (Male) |
| 3:10 | Create | Villager (Male) |
| 3:42 | Create | Villager (Male) |
| 4:00 | Create | Villager (Male) |
| 4:00 | Create | Villager (Male) |
| 4:31 | Create | Villager (Male) |
| 4:31 | Create | Villager (Male) |
| 4:41 | Build | Barracks |
| 4:56 | Create | Villager (Male) |
| 5:10 | Create | Villager (Male) |
| 5:10 | Create | Villager (Male) |
| 5:24 | Create | Villager (Male) |
| 6:06 | Create | Villager (Male) |
| 6:36 | Research | Loom |
| 6:51 | Research | Feudal Age |
| 6:51 | Research | Feudal Age |
| 7:10 | Create | Unit 2550 |
| 7:10 | Create | Unit 2550 |
| 7:17 | Build | Settlement |
| 7:26 | Create | Unit 2550 |
| 8:21 | Create | Unit 2550 |
| 8:21 | Create | Unit 2550 |
| 8:58 | Build | House |
| 9:01 | Build | House |
| 9:06 | Build | House |
| 9:08 | Build | House |
| 9:14 | Create | Villager (Male) |
| 9:15 | Age | Feudal Age |
| 9:18 | Research | Tech 1402 |
| 9:18 | Research | Tech 1402 |
| 9:18 | Create | Villager (Male) |
| 9:26 | Build | Blacksmith |
| 9:32 | Build | Archery Range |
| 9:48 | Create | Villager (Male) |
| 9:51 | Create | Villager (Male) |
| 10:12 | Research | Scale Mail Armor |
| 10:12 | Research | Scale Mail Armor |
| 10:28 | Create | Archer |
| 10:29 | Create | Archer |
| 10:32 | Create | Unit 2550 |
| 10:32 | Create | Unit 2550 |
| 10:44 | Build | Farm |
| 10:45 | Create | Villager (Male) |
| 10:52 | Create | Archer |
| 11:04 | Create | Unit 2550 |
| 11:17 | Build | Farm |
| 11:20 | Create | Villager (Male) |
| 11:42 | Create | Villager (Male) |
| 11:44 | Create | Archer |
| 11:45 | Create | Unit 2550 |
| 12:02 | Research | Fletching |
| 12:06 | Build | Farm |
| 12:21 | Create | Villager (Male) |
| 12:21 | Create | Villager (Male) |
| 12:24 | Build | Farm |
| 12:33 | Create | Archer |
| 12:41 | Create | Villager (Male) |
| 12:56 | Build | Farm |
| 13:02 | Create | Unit 2550 |
| 13:12 | Create | Villager (Male) |
| 13:13 | Create | Villager (Male) |
| 13:14 | Create | Archer |
| 13:32 | Create | Archer |
| 13:54 | Create | Villager (Male) |
| 13:56 | Create | Unit 2550 |
| 14:19 | Create | Villager (Male) |
| 14:23 | Build | Settlement |
| 14:29 | Create | Archer |
| 14:31 | Create | Unit 2550 |
| 14:37 | Build | Farm |
| 14:40 | Create | Villager (Male) |
| 15:12 | Create | Villager (Male) |
| 15:16 | Create | Archer |
| 15:16 | Create | Villager (Male) |
| 15:18 | Build | Farm |
| 15:19 | Build | Farm |
| 15:28 | Create | Unit 2550 |
| 15:35 | Build | Farm |
| 15:39 | Create | Villager (Male) |
| 15:40 | Build | Farm |
| 15:54 | Create | Villager (Male) |
| 15:58 | Research | Padded Archer Armor |
| 15:58 | Research | Padded Archer Armor |
| 15:59 | Create | Skirmisher |
| 16:00 | Create | Skirmisher |
| 16:11 | Create | Villager (Male) |
| 16:20 | Build | House |
| 16:27 | Create | Skirmisher |
| 16:37 | Create | Villager (Male) |
| 16:37 | Create | Skirmisher |
| 16:43 | Build | Farm |
| 16:46 | Build | Farm |
| 17:07 | Create | Unit 2550 |
| 17:18 | Research | Double-Bit Axe |
| 17:19 | Research | Double-Bit Axe |
| 17:20 | Create | Villager (Male) |
| 17:23 | Create | Skirmisher |
| 17:28 | Build | Farm |
| 17:36 | Build | Farm |
| 17:41 | Build | Farm |
| 17:46 | Create | Villager (Male) |
| 17:50 | Create | Skirmisher |
| 18:13 | Create | Villager (Male) |
| 18:37 | Create | Villager (Male) |
| 18:39 | Build | Farm |
| 18:39 | Build | Farm |
| 18:43 | Create | Villager (Male) |
| 19:00 | Create | Skirmisher |
| 19:03 | Create | Villager (Male) |
| 19:05 | Build | Farm |
| 19:10 | Build | Market |
| 19:12 | Build | Farm |
| 19:13 | Build | Farm |
| 19:14 | Build | Farm |
| 19:25 | Create | Skirmisher |
| 19:29 | Create | Unit 2550 |
| 19:45 | Create | Skirmisher |
| 19:48 | Build | Farm |
| 19:53 | Create | Villager (Male) |
| 20:02 | Build | Farm |
| 20:06 | Create | Skirmisher |
| 20:11 | Build | Farm |
| 20:13 | Create | Villager (Male) |
| 20:21 | Build | Farm |
| 20:34 | Create | Villager (Male) |
| 20:46 | Create | Unit 2550 |
| 21:11 | Research | Castle Age |
| 21:28 | Create | Unit 2550 |
| 21:28 | Create | Skirmisher |
| 21:35 | Build | Farm |
| 21:42 | Build | Palisade Gate |
| 21:48 | Create | Unit 2550 |
| 21:50 | Build | Palisade Gate |
| 22:19 | Create | Skirmisher |
| 22:28 | Build | Barracks |
Build order — Puerco_Black
150 actions detected in the replay
| 0:00 | Create | Villager (Male) |
| 0:00 | Create | Villager (Male) |
| 0:01 | Create | Villager (Male) |
| 0:02 | Build | House |
| 0:02 | Build | House |
| 0:10 | Create | Villager (Male) |
| 0:10 | Create | Villager (Male) |
| 1:24 | Create | Villager (Male) |
| 1:47 | Build | Lumber Camp |
| 1:59 | Create | Villager (Male) |
| 2:18 | Create | Villager (Male) |
| 2:44 | Create | Villager (Male) |
| 2:58 | Create | Villager (Male) |
| 3:30 | Create | Villager (Male) |
| 3:31 | Create | Villager (Male) |
| 4:16 | Create | Villager (Male) |
| 4:31 | Research | Loom |
| 4:34 | Build | House |
| 4:45 | Create | Villager (Male) |
| 5:10 | Create | Villager (Male) |
| 5:10 | Create | Villager (Male) |
| 5:27 | Build | Barracks |
| 6:16 | Research | Feudal Age |
| 6:16 | Research | Feudal Age |
| 6:19 | Create | Militia |
| 6:19 | Create | Militia |
| 6:35 | Create | Militia |
| 6:39 | Build | Mining Camp |
| 6:58 | Create | Villager (Male) |
| 7:04 | Build | House |
| 7:11 | Create | Militia |
| 7:28 | Build | House |
| 7:37 | Create | Militia |
| 8:16 | Create | Villager (Male) |
| 8:26 | Age | Feudal Age |
| 8:29 | Build | Watch Tower |
| 8:31 | Research | Man-at-Arms (upgrade) |
| 9:12 | Create | Villager (Male) |
| 9:32 | Create | Villager (Male) |
| 9:52 | Build | Archery Range |
| 9:55 | Create | Villager (Male) |
| 9:57 | Build | Mill |
| 10:09 | Create | Villager (Male) |
| 10:31 | Build | House |
| 10:32 | Create | Archer |
| 10:52 | Create | Archer |
| 11:02 | Create | Villager (Male) |
| 11:04 | Build | Farm |
| 11:26 | Create | Villager (Male) |
| 11:29 | Create | Archer |
| 11:48 | Build | Blacksmith |
| 11:59 | Create | Villager (Male) |
| 12:05 | Create | Archer |
| 12:10 | Build | House |
| 12:29 | Research | Fletching |
| 12:29 | Research | Fletching |
| 12:30 | Create | Archer |
| 12:42 | Create | Villager (Male) |
| 12:47 | Create | Archer |
| 13:01 | Create | Villager (Male) |
| 13:03 | Build | Farm |
| 13:37 | Create | Villager (Male) |
| 13:37 | Create | Villager (Male) |
| 13:42 | Create | Archer |
| 13:42 | Create | Archer |
| 13:50 | Create | Archer |
| 14:02 | Build | Palisade Wall |
| 14:12 | Create | Villager (Male) |
| 14:14 | Build | Farm |
| 14:33 | Create | Archer |
| 15:03 | Create | Archer |
| 15:15 | Create | Villager (Male) |
| 15:16 | Build | Farm |
| 15:17 | Build | Farm |
| 15:19 | Build | Farm |
| 15:20 | Create | Villager (Male) |
| 15:21 | Create | Archer |
| 15:31 | Create | Villager (Male) |
| 15:34 | Build | House |
| 15:36 | Build | House |
| 15:38 | Build | Palisade Wall |
| 15:42 | Create | Archer |
| 15:58 | Create | Militia |
| 16:03 | Build | Mining Camp |
| 16:08 | Create | Archer |
| 16:09 | Create | Villager (Male) |
| 16:12 | Build | House |
| 16:32 | Create | Militia |
| 16:51 | Create | Villager (Male) |
| 16:55 | Build | Farm |
| 17:08 | Create | Archer |
| 17:11 | Create | Villager (Male) |
| 17:21 | Create | Villager (Male) |
| 17:29 | Build | Farm |
| 17:30 | Build | Farm |
| 17:31 | Create | Villager (Male) |
| 17:31 | Create | Villager (Male) |
| 17:51 | Create | Villager (Male) |
| 17:54 | Create | Archer |
| 17:59 | Create | Villager (Male) |
| 18:08 | Build | Farm |
| 18:11 | Build | Farm |
| 18:15 | Build | Watch Tower |
| 18:25 | Create | Villager (Male) |
| 18:37 | Create | Villager (Male) |
| 18:40 | Create | Archer |
| 18:56 | Create | Villager (Male) |
| 19:03 | Build | Stable |
| 19:04 | Build | Farm |
| 19:09 | Build | Farm |
| 19:18 | Create | Villager (Male) |
| 19:22 | Build | Farm |
| 19:34 | Create | Archer |
| 19:37 | Create | Scout Cavalry |
| 19:38 | Create | Scout Cavalry |
| 19:41 | Build | Farm |
| 19:52 | Build | Farm |
| 19:54 | Build | Farm |
| 19:56 | Create | Villager (Male) |
| 20:10 | Create | Scout Cavalry |
| 20:21 | Create | Scout Cavalry |
| 20:21 | Create | Scout Cavalry |
| 20:23 | Create | Archer |
| 20:27 | Build | Farm |
| 20:32 | Build | House |
| 20:39 | Create | Archer |
| 20:43 | Create | Scout Cavalry |
| 20:49 | Build | House |
| 20:51 | Build | House |
| 20:53 | Create | Villager (Male) |
| 20:55 | Create | Villager (Male) |
| 21:17 | Create | Scout Cavalry |
| 21:25 | Create | Villager (Male) |
| 21:31 | Create | Archer |
| 21:55 | Create | Archer |
| 22:00 | Create | Scout Cavalry |
| 22:00 | Create | Scout Cavalry |
| 22:00 | Create | Scout Cavalry |
| 22:09 | Build | Lumber Camp |
| 22:24 | Create | Scout Cavalry |
| 22:39 | Create | Villager (Male) |
| 22:44 | Create | Scout Cavalry |
| 23:11 | Create | Archer |
| 23:15 | Create | Villager (Male) |
| 23:16 | Create | Scout Cavalry |
| 23:24 | Build | Watch Tower |
| 23:35 | Create | Archer |
| 23:36 | Create | Villager (Male) |
| 23:37 | Create | Villager (Male) |
| 23:50 | Build | Farm |
Match timeline
| 4:41 | VIT | Hera · first_building Barracks |
| 5:27 | Puerco_Black · first_building Barracks |
| 8:26 | Puerco_Black · age_up feudal |
| 9:15 | VIT | Hera · age_up feudal |
| 9:32 | VIT | Hera · first_building Archery Range |
| 9:52 | Puerco_Black · first_building Archery Range |
| 14:02 | Puerco_Black · wall_segment Palisade Wall x2 |
| 15:38 | Puerco_Black · wall_segment Palisade Wall x3 |
| 19:03 | Puerco_Black · first_building Stable |
| 21:10 | VIT | Hera · first_market_sell 500 stone |
| 21:11 | VIT | Hera · first_market_buy 100 food |
| 23:51 | VIT | Hera · age_up castle |
| 23:58 | Puerco_Black · resign |
[ AI ANALYSIS · 1 CREDIT ]
What really happened in this match?
Wolo.gg analyzes every decision: build order, eco, micro, common mistakes by bracket. Personalized analysis on WhatsApp or Discord in 30 seconds.
Civ guide
Incas
Perfil
Hera